 Dungeon Crawl Stone Soup version 0.31.0-9-g3a7656b989 (webtiles) character file.

Game seed: 14998333586679747582

311 qw the Shooter (level 6, -2/32 HPs)
             Began as a Spriggan Hunter on Feb 2, 2024.
             Slain by Edmund
             ... wielding a +1 flail of protection
              (5 damage)
             ... on level 5 of the Dungeon.
             The game lasted 00:00:11 (3936 turns).

qw the Shooter (Spriggan Hunter)                    Turns: 3936, Time: 00:00:12

Health: -2/32      AC:  3    Str:  7    XL:     6   Next: 18%
Magic:  0/7        EV: 20    Int: 11    God:
Gold:   24         SH:  0    Dex: 20    Spells: 5/5 levels left

rFire   . . .        a - +1 shortbow
rCold   . . .        (shield currently unavailable)
rNeg    . . .        c - +0 robe
rPois   .            (helmet restricted)
rElec   .            j - +0 cloak
rCorr   .            (gloves unavailable)
SInv    +            (boots unavailable)
Will    +....        d - amulet of guardian spirit
Stlth   ++           (no ring)
HPRegen 0.25/turn    (no ring)
MPRegen 0.10/turn

%: guardian spirit
@: very quick
A: very small, no large weapons, unfitting armour, see invisible, speed 3
a: no special abilities


You were on level 5 of the Dungeon.
You visited 1 branch of the dungeon, and saw 5 of its levels.

You collected 307 gold pieces.
You spent 283 gold pieces at shops.


Innate Abilities, Weirdness & Mutations

You are very small and have problems with some larger weapons.
You are too small for most types of armour.
You have supernaturally acute eyesight. (SInv)
You cover ground extremely quickly. (Speed+++)


   Skills:
 - Level 3.0 Fighting
 + Level 5.7 Ranged Weapons
 - Level 5.2 Dodging
 - Level 1.5 Stealth


You had 5 spell levels left.
You didn't know any spells.
Your spell library was empty.

Inventory:

Hand Weapons
 a - a +1 shortbow (weapon)
Armour
 c - a +0 robe (worn)
 j - a +0 cloak (worn)
Jewellery
 d - an amulet of guardian spirit (around neck)
Wands
 b - a wand of flame (8)
 g - a wand of paralysis (11)
 l - a wand of quicksilver (12)
 m - a wand of roots (5)
Potions
 e - a potion of ambrosia {unknown}
 f - 2 potions of enlightenment
 h - a potion of might
 i - 2 potions of heal wounds {unknown}
 k - 2 potions of curing {unknown}

Dungeon Overview and Level Annotations

Branches:
Dungeon (5/15)
 Temple: D:4-7

Altars:
Gozag
Kikubaaqudgha
Qazlal
Sif Muna
Trog
Uskayaw
Vehumet
The Shining One

Shops:
D:4 :   D:5 *

Annotations:
D:5 Edmund


Message History

You shoot an arrow. The arrow barely misses Edmund.
You shoot an arrow.
The arrow hits Edmund but does no damage.
Edmund closely misses you.
You shoot an arrow.
The arrow hits Edmund but does no damage.
Edmund completely misses you.
The centaur wields a +0 orcbow.
The centaur shoots an arrow.
The arrow misses you. Edmund misses you.
You shoot an arrow. The arrow completely misses Edmund.
The centaur shoots an arrow.
The arrow misses you. Edmund hits you but does no damage.
You shoot an arrow. The arrow hits Edmund.
Edmund is lightly wounded.
The centaur shoots an arrow.
The arrow barely misses you.
The centaur shoots an arrow.
The arrow barely misses you.
Edmund hits you with a +1 flail of protection!
You shoot an arrow. The arrow hits Edmund!
Edmund is moderately wounded.
The centaur shoots an arrow.
The arrow completely misses you.
Edmund hits you with a +1 flail of protection.
The centaur shoots an arrow.
The arrow closely misses you.
You shoot an arrow.
The arrow hits Edmund but does no damage.
Edmund is moderately wounded.
The centaur shoots an arrow.
The arrow hits you. Edmund completely misses you.
You shoot an arrow. The arrow barely misses Edmund.
The centaur shoots an arrow.
The arrow hits you! Edmund completely misses you.
The centaur shoots an arrow.
The arrow closely misses you.
You shoot an arrow. The arrow hits Edmund.
Edmund is moderately wounded.
The centaur shoots an arrow.
The arrow barely misses you.
Edmund hits you with a +1 flail of protection.
The centaur shoots an arrow.
The arrow barely misses you.
You shoot an arrow.
The arrow hits Edmund but does no damage.
Edmund is moderately wounded.
The centaur shoots an arrow.
The arrow misses you.
Edmund hits you with a +1 flail of protection.
You die...
Edmund whines, "They better pay attention to me now!"

.}# #........... ..#.
.##..###..#.########....
# .......\..............
..#######...........#
#.#.........#
#.#.........#
#...........#
####........# #.@......#
#..@.....# #..c.....#
.........# ............
.............
####.##.....## #. ##...#


You could see Edmund and a centaur.

Vanquished Creatures
  A black bear (D:5)
  An ogre (D:5)
  An iguana (D:4)
  4 adders
  A gnoll (D:5)
  2 dart slugs
  6 bats
  4 endoplasms
  2 giant cockroaches
  6 goblins
  5 hobgoblins
  2 jackals (D:2)
  8 kobolds
  5 ball pythons
  7 frilled lizards (D:1)
  6 rats
61 creatures vanquished.

Vanquished Creatures (others)
  A human (D:3)
1 creature vanquished.

Grand Total: 62 creatures vanquished

Notes
Turn   | Place    | Note
-------+----------+-------------------------------------------
     0 | D:1      | qw the Spriggan Hunter began the quest for the Orb.
     0 | D:1      | Reached XP level 1. HP: 10/10 MP: 2/2
     0 | D:1      | 0 ||| qw: Version: 0.3-a-155-g5e7d8dd
     0 | D:1      | 0 ||| qw: Game counter: 405
     0 | D:1      | 0 ||| qw: Melee chars always use a shield: true
     0 | D:1      | 0 ||| qw: God list: Okawaru
     0 | D:1      | 0 ||| qw: Allow faded altars: false
     0 | D:1      | 0 ||| qw: Do Orc after clearing Dungeon:15 true
     0 | D:1      | 0 ||| qw: Do second Lair branch before Depths: true
     0 | D:1      | 0 ||| qw: Lair rune preference: random
     0 | D:1      | 0 ||| qw: Goals: Normal
     0 | D:1      | 0 ||| PLANNING D:1-11
    38 | D:1      | Reached skill level 3 in Dodging
   100 | D:1      | Reached XP level 2. HP: 14/14 MP: 3/3
   699 | D:1      | Reached XP level 3. HP: 18/18 MP: 4/4
  1073 | D:1      | 1073 ||| READING scroll labelled MISHEN HOOGIGA.
  1076 | D:1      | 1076 ||| READING scroll labelled LEUKUSS KUNA.
  1077 | D:1      | 1077 ||| READING 3 scrolls labelled BOHARPH MUKLYTZ.
  1077 | D:1      | 1077 ||| IDENTIFYING 2 inky potions
  1078 | D:1      | 1078 ||| DROPPING scroll of butterflies.
  1079 | D:1      | 1079 ||| DROPPING 2 potions of magic.
  1395 | D:2      | HP: 4/18 [poisoned by an adder]
  1396 | D:2      | HP: 1/18 [adder (3)]
  1586 | D:2      | Noticed a scorpion
  1920 | D:2      | 1920 ||| DROPPING ring of flight.
  1921 | D:2      | 1921 ||| READING 2 scrolls of identify.
  1921 | D:2      | 1921 ||| IDENTIFYING fuming green potion
  1922 | D:2      | 1922 ||| READING scroll of identify.
  1922 | D:2      | 1922 ||| IDENTIFYING 2 sedimented dark potions
  1923 | D:2      | 1923 ||| READING scroll labelled ZOME SUFOCS.
  1924 | D:2      | 1924 ||| READING scroll labelled KYIPPE USCHIREU.
  1961 | D:3      | Found a radiant altar of Vehumet.
  2052 | D:3      | Reached XP level 4. HP: 21/22 MP: 5/5
  2124 | D:3      | Found an ancient bone altar of Kikubaaqudgha.
  2191 | D:3      | Found an opulent altar of Gozag.
  2222 | D:3      | Found a hide-covered altar of Uskayaw.
  2320 | D:3      | Noticed a human
  2324 | D:3      | Killed a human
  2439 | D:3      | Found a bloodstained altar of Trog.
  2919 | D:3      | 2919 ||| READING scroll labelled DUPPIO DU VULL.
  2919 | D:3      | 2919 ||| ENCHANTING +0 shortbow.
  3038 | D:4      | Found a stormy altar of Qazlal.
  3193 | D:4      | Found a shimmering blue altar of Sif Muna.
  3240 | D:4      | Found a glowing golden altar of the Shining One.
  3423 | D:4      | Found Myunaeco's Self-Improvement Boutique.
  3708 | D:4      | 3708 ||| UPGRADING to +0 cloak.
  3713 | D:4      | 3713 ||| UPGRADING to amulet of guardian spirit.
  3718 | D:4      | 3718 ||| READING scroll labelled YCIUFRO EPUFF.
  3745 | D:5      | Entered Level 5 of the Dungeon
  3746 | D:5      | 3746 ||| STAIRDANCE
  3750 | D:5      | 3750 ||| RETREEEEATING.
  3751 | D:5      | 3751 ||| RETREEEEATING.
  3751 | D:5      | HP: 2/23 [gnoll/+2 heavy spear[a gnoll bouda] (6)]
  3752 | D:5      | 3752 ||| READING scroll of teleportation.
  3754 | D:5      | Noticed a black bear
  3761 | D:5      | Noticed an ogre
  3762 | D:5      | 3762 ||| ZAPPING wand of flame (16) at 7,0 (ogre; floor).
  3763 | D:5      | 3763 ||| ZAPPING wand of flame (15) at 6,0 (ogre; floor).
  3764 | D:5      | 3764 ||| ZAPPING wand of flame (14) at 5,0 (ogre; floor).
  3765 | D:5      | 3765 ||| ZAPPING wand of flame (13) at 4,0 (ogre; floor).
  3766 | D:5      | 3766 ||| ZAPPING wand of flame (12) at 3,0 (ogre; floor).
  3767 | D:5      | 3767 ||| ZAPPING wand of flame (11) at 2,0 (ogre; floor).
  3768 | D:5      | 3768 ||| ZAPPING wand of flame (10) at 1,0 (ogre; floor).
  3768 | D:5      | Killed an ogre
  3769 | D:5      | Reached skill level 3 in Fighting
  3769 | D:5      | Reached XP level 5. HP: 7/28 MP: 2/6
  3769 | D:5      | 3769 ||| ZAPPING wand of flame (9) at 2,0 (black bear;
                  | floor).
  3770 | D:5      | 3770 ||| ZAPPING wand of flame (8) at 1,0 (black bear;
                  | floor).
  3771 | D:5      | 3771 ||| ZAPPING wand of flame (7) at 1,0 (black bear;
                  | floor).
  3772 | D:5      | 3772 ||| ZAPPING wand of flame (6) at 1,0 (black bear;
                  | floor).
  3772 | D:5      | HP: 7/28 [black bear (1)]
  3773 | D:5      | 3773 ||| ZAPPING wand of flame (5) at 1,0 (black bear;
                  | floor).
  3774 | D:5      | 3774 ||| ZAPPING wand of flame (4) at 1,0 (black bear;
                  | floor).
  3774 | D:5      | Killed a black bear
  3775 | D:5      | Reached XP level 6. HP: 5/32 MP: 2/7
  3906 | D:5      | Found Yhoilys's Assorted Antiques.
  3913 | D:5      | 3913 ||| BUYING 2 metallic amethyst potions (32 gold).
  3913 | D:5      | Bought 2 metallic amethyst potions for 32 gold pieces
  3913 | D:5      | 3913 ||| BUYING 2 smoky ruby potions (32 gold).
  3913 | D:5      | Bought 2 smoky ruby potions for 32 gold pieces
  3913 | D:5      | 3913 ||| BUYING long gold wand (72 gold).
  3913 | D:5      | Bought a long gold wand for 72 gold pieces
  3913 | D:5      | 3913 ||| BUYING twisted glass wand (72 gold).
  3913 | D:5      | Bought a twisted glass wand for 72 gold pieces
  3913 | D:5      | 3913 ||| BUYING wand of flame (6) (75 gold).
  3913 | D:5      | Bought a wand of flame (6) for 75 gold pieces
  3921 | D:5      | Noticed Edmund
  3922 | D:5      | 3922 ||| ZAPPING wand of flame (9) at 6,7 (Edmund; floor).
  3934 | D:5      | HP: 5/32 [centaur/arrow (11)]
  3936 | D:5      | Slain by Edmund

Levels and vault maps discovered:
D:1:      erik_arrival_cave_to_civilisation [erik_arrival_cave_to_hall],
          layout_loops_corners
D:2:      layout_loops_ring, minmay_misc_feat_ornament, chequers_mini_garden,
          lightli_corner_chamber
D:3:      layout_basic, tgw_kikubaaqudgha, vehumet_altar_wand_db,
          mainiacjoe_overflow_chevrons, mainiacjoe_overflow_two_lobes,
          nicolae_concentric_dashed_squares_mild, corexii_corridor_pit
D:4:      layout_basic, amcnicky_altar_gilded, kennysheep_mini,
          mainiacjoe_overflow_24_doors, nicolae_shop_self_help
D:5:      layout_basic, serial_shops, shop, hellmonk_ghost_happy_afterlife,
          uniq_edmund

Skill      XL: |  1  2  3  4 |
---------------+-------------+-----
Dodging        | 3 4 5 |  5.2
Ranged Weapons | 5 |  5.7
Fighting       | 3 |  3.0
Stealth        | |  1.5

Action                     |  1- 3 |  4- 6 || total
---------------------------+-------+-------++-------
   Fire: Shortbow          |   126 |    53 ||   179
  Evoke: Wand              |       |    14 ||    14
    Use: Scroll            |     7 |     3 ||    10
 Armour: Robe              |    20 |    15 ||    35
  Dodge: Dodged            |    56 |    38 ||    94

Table legend:
 A = Non-vault XP
 B = Vault XP
 C = Vault XP percentage of total XP
 D = Non-vault monster count
 E = Vault monster count
 F = Vault count percentage of total count
                 A         B        C        D         E       F
            +---------+---------+-------+---------+---------+-------
      Total |     441 |       4 |   0.9 |      58 |       3 |   4.9
            +---------+---------+-------+---------+---------+-------
        D:1 |      45 |       2 |   4.3 |      30 |       2 |   6.2
        D:2 |      25 |       0 |   0.0 |       8 |       0 |   0.0
        D:3 |      55 |       2 |   3.5 |      11 |       1 |   8.3
        D:4 |      47 |       0 |   0.0 |       6 |       0 |   0.0
        D:5 |     269 |       0 |   0.0 |       3 |       0 |   0.0
            +---------+---------+-------+---------+---------+-------
